Map: Lerilak Crest

Players

Naattt - Winner!

  • Race: Protoss Protoss
  • League: Grandmaster

NattBurnSalt

  • Race: Terran Terran
  • League: Grandmaster

VOD

Have the link to the VOD?

Description

Time

  • Played on: June 14, 2015, 9:44 p.m.
  • Length: 6:22
Show
View Real Time Build Order
Export as new Build Order

Naattt Protoss - Winner!

Build Orders: Mass Adepts 

Get SALT Encoding   

  12  0:11  Pylon  
  12  0:16  Assimilator  
  12  0:30  Gateway  
  12  0:35  Probe (Chrono Boost)  
  13  0:45  Probe (Chrono Boost)  
  14  0:52  Probe  
  15  1:01  Pylon  
  15  1:04  Probe (Chrono Boost)  
  16  1:14  Probe (Chrono Boost)  
  16  1:18  Cybernetics Core  
  17  1:21  Probe  
  18  1:33  Probe  
  19  1:45  Probe  
  20  1:55  Warp Gate (Chrono Boost)  
  20  1:56  Adept, Robotics Facility  
  22  2:23  Adept  
  24  2:34  Gateway x2  
  24  2:38  Gateway  
  24  2:45  Warp Prism (Chrono Boost)  
  25  3:13  Pylon  
  25  3:26  Pylon  
  25  3:53  Adept x3  
  25  3:54  Adept  
  33  4:13  Adept x2  
  33  4:14  Adept  
  39  4:20  Mothership Core (Chrono Boost)  
  39  4:29  Zealot  
  33  4:47  Adept x3  
  33  4:48  Adept  
  33  4:52  Assimilator  
  39  4:54  Pylon  
  35  5:13  Probe  
  34  5:18  Adept x2  
  34  5:20  Adept x2  
  38  5:23  Warp Prism (Chrono Boost)  
  40  5:36  Pylon  
  40  5:52  Immortal (Chrono Boost)  
  40  5:54  Probe (Chrono Boost)  
  45  6:03  Probe (Chrono Boost)  
Show
View Real Time Build Order
Export as new Build Order

NattBurnSalt Terran 

Build Orders:  

Get SALT Encoding   

  12  0:01  SCV  
  13  0:13  SCV  
  14  0:19  Refinery  
  14  0:25  SCV  
  14  0:27  Supply Depot  
  15  0:49  SCV, Barracks  
  16  1:01  SCV  
  17  1:13  SCV  
  18  1:25  SCV  
  19  1:38  Factory  
  19  1:39  Reaper  
  20  1:40  Orbital Command  
  20  1:45  Supply Depot  
  20  1:49  Refinery  
  20  1:58  Barracks  
  20  2:06  SCV  
  21  2:11  Reaper  
  22  2:18  SCV  
  23  2:23  Hellion  
  23  2:28  Supply Depot  
  24  2:30  SCV  
  25  2:41  Starport  
  25  2:42  SCV  
  26  2:46  Hellion  
  26  2:48  Barracks Reactor  
  28  2:52  Reaper  
  28  2:55  SCV  
  30  3:02  Supply Depot  
  30  3:07  Hellion  
  30  3:09  SCV  
  33  3:17  Viking  
  35  3:21  SCV  
  35  3:25  Supply Depot  
  36  3:37  Barracks Tech Lab  
  36  3:40  Hellion x2  
  40  3:41  SCV  
  40  3:47  Medivac  
  43  3:49  Supply Depot  
  43  3:53  SCV  
  44  3:56  Concussive Shells  
  44  3:59  Marauder  
  44  4:00  Marine  
  47  4:05  Widow Mine  
  47  4:07  Widow Mine  
  51  4:10  SCV  
  41  4:27  Marauder, Marine  
  27  4:45  Marine  
  20  4:46  SCV  
  15  5:08  Marauder, Marine  
  14  5:37  SCV  
  15  5:49  SCV  
  15  6:01  SCV  
Tags
 
Add a new tag
Caveats
  • Supply blocks, unpowered buildings, or Contaminate may cause inaccurate times.
  • Supply counts are checked every 10 seconds.